 Dungeon Crawl Stone Soup version 0.28.0 (webtiles) character file.

Game seed: 10219043391221479551

18306 ZombieSheep the Spear-Bearer (level 12, -3/111 HPs)
             Began as a Minotaur Gladiator on Feb 6, 2022.
             Was a Believer of Qazlal.
             Slain by a redback (6 damage)
             ... on level 2 of the Lair of Beasts.
             The game lasted 00:26:23 (15980 turns).

ZombieSheep the Spear-Bearer (Minotaur Gladiator)  Turns: 15980, Time: 00:26:23

Health: -3/111     AC: 11    Str: 20    XL:     12   Next: 26%
Magic:  16/16      EV: 17    Int:  5    God:    Qazlal [**....]
Gold:   883        SH:  3    Dex: 16    Spells: 11/11 levels left

rFire   . . .      SeeInvis .   b - +6 trident
rCold   . . .      Faith    .   (no shield)
rNeg    . . .      Spirit   .   o - +1 acid dragon scales
rPois   .          Reflect  .   K - +1 hat
rElec   .          Harm     .   (no cloak)
rCorr   +          Rampage  .   (no gloves)
Will    .....                   (no boots)
Stlth   +.........              (no amulet)
HPRegen 0.28/turn               (no ring)
MPRegen 0.15/turn               (no ring)

@: lethally poisoned (-3 -> -21), about to teleport, invisible
A: horns 2, retaliatory headbutt
a: Renounce Religion, Upheaval


You were on level 2 of the Lair of Beasts.
You worshipped Qazlal.
Qazlal was pleased with you.
You visited 3 branches of the dungeon, and saw 13 of its levels.

You collected 883 gold pieces.

Inventory:

Hand Weapons
 a - a +1 trident of flaming
 b - a +6 trident (weapon)
Missiles
 d - a throwing net (quivered)
Armour
 o - +1 acid dragon scales (worn)
 r - +0 fire dragon scales
 y - a +2 leather armour of cold resistance
 K - a +1 hat (worn)
Jewellery
 g - a ring of wizardry
 k - a +6 ring of intelligence
 q - an amulet of faith
 G - the ring "Cisa" {Fire Fly Int+2 SInv}
   (You found it on level 10 of the Dungeon)

   [ring of fire]

   It enhances your fire magic.
   Int:       It affects your intelligence (+2).
   rF:        It protects you from fire.
   rC:        It makes you vulnerable to cold.
   SInv:      It lets you see invisible.
   Fly:       It grants you flight.
Wands
 h - a wand of mindburst (13)
 v - a wand of acid (7)
 A - a wand of digging (11)
 F - a wand of paralysis (5)
Scrolls
 c - a scroll of enchant weapon
 l - 5 scrolls of teleportation
 n - a scroll of fear
 p - a scroll of silence
 s - 3 scrolls of fog
 t - 2 scrolls of magic mapping
 w - a scroll of amnesia
Potions
 e - a potion of mutation
 f - 2 potions of ambrosia {unknown}
 i - 2 potions of cancellation
 m - 3 potions of resistance
 u - a potion of curing {unknown}
 x - a potion of magic {unknown}
 z - 4 potions of flight
 B - a potion of invisibility
 C - a potion of brilliance {unknown}
 E - 7 potions of might
 H - a potion of berserk rage {unknown}
 J - a potion of lignification {unknown}


   Skills:
 + Level 11.6 Fighting
 + Level 12.0 Polearms
 - Level 2.0 Throwing
 + Level 11.4 Armour
 + Level 11.1 Dodging
 + Level 7.2 Invocations


You had 11 spell levels left.
You didn't know any spells.
Your spell library contained the following spells:

 Spells                   Type           Power      Damage    Failure   Level
 Beastly Appendage        Tmut           0%         N/A       54%         1
 Freeze                   Ice            0%         1d3       54%         1
 Sublimation of Blood     Necr           0%         N/A       69%         2
 Wereblood                Tmut           0%         N/A       69%         2
 Dazzling Flash           Conj/Hex       0%         N/A       89%         3
 Frozen Ramparts          Ice            0%         1d2       89%         3
 Spider Form              Tmut/Pois      0%         N/A       89%         3
 Cause Fear               Hex            0%         N/A       100%        4
 Hailstorm                Conj/Ice       0%         3d3       100%        4
 Iskenderun's Mystic Bla  Conj/Tloc      0%         2d3       100%        4
 Petrify                  Tmut/Erth      0%         N/A       100%        4
 Agony                    Necr           0%         N/A       100%        5
 Irradiate                Conj/Tmut      0%         3d13      100%        5
 Silence                  Hex/Air        0%         N/A       100%        5
 Starburst                Conj/Fire      0%         6d3       100%        6
 Dragon Form              Tmut           0%         N/A       100%        7
 Borgnjor's Revivificati  Necr           0%         N/A       100%        8
 Necromutation            Tmut/Necr      0%         N/A       100%        8
 Death's Door             Necr           0%         N/A       100%        9
 Dragon's Call            Summ           0%         N/A       100%        9


Dungeon Overview and Level Annotations

Branches:
Dungeon (10/15)            Temple (1/1) D:6            Lair (2/6) D:10
    Orc (0/2) D:9
  Swamp: Lair:2-4    Shoals: Lair:2-4     Snake: Lair:2-4    Spider: Lair:2-4

Altars:
Ashenzari
Dithmenos
Elyvilon
Fedhas
Gozag
Hepliaklqana
Kikubaaqudgha
Makhleb
Nemelex Xobeh
Okawaru
Qazlal
Ru
Sif Muna
Trog
Uskayaw
Vehumet
Wu Jian
Xom
Zin
The Shining One

Annotations:
D:10 2 runed translucent doors


Innate Abilities, Weirdness & Mutations

You have a pair of horns on your head.
You reflexively headbutt those who attack you in melee.


Message History

You feel extremely sick. The jumping spider pounces on you!
The jumping spider closely misses you.
You are too injured to fight recklessly!
You are too injured to fight recklessly!
You closely miss the jumping spider.
Your headbutt misses the jumping spider.
The jumping spider is severely wounded.
You feel extremely sick. The jumping spider pounces on you!
The jumping spider closely misses you.
You closely miss the jumping spider.
The jumping spider is severely wounded.
* * * LOW HITPOINT WARNING * * *
You feel very sick. The jumping spider misses you. You furiously retaliate!
You headbutt the jumping spider.
The jumping spider bites you but does no damage.
The redback bites you!
* * * LOW HITPOINT WARNING * * *
As you read the scroll of teleportation, it crumbles to dust.
You feel strangely unstable.
* * * LOW HITPOINT WARNING * * *
You feel very sick.
A jumping spider comes into view.
The jumping spider pounces on you.
* * * LOW HITPOINT WARNING * * *
The jumping spider misses you. The redback closely misses you.
You block the jumping spider's attack. The jumping spider bites you.
* * * LOW HITPOINT WARNING * * *
The jumping spider pounces on you but does no damage.
The jumping spider bites you but does no damage.
You block the redback's attack.
It was a potion of invisibility.
You fade into invisibility!
* * * LOW HITPOINT WARNING * * *
You feel very sick.
The jumping spider completely misses you.
The jumping spider closely misses you. x2
The jumping spider completely misses you.
The redback bites you.
You die...

.# ♣♣.♣♣#..# ).
♣.♣♣♣#..# #♣...♣#..##
## #.###.#..#^# ###.#
#.#.#....##?# # #.#.#
#.'.#...####^#^#.#.##
#.#.#.†.P##^#.#^#.#.#
#.###.#..# #s#s$.#^#
#♣...♣#..## #@s...#
♣.♣♣♣#...####s..##
♣♣.♣♣#..........#
♣♣.♣#........P##
♣†♣♣#.........#
###.♣♣#...<.......#
#.....#..........(.#
#♣♣♣♣.#..............
♣...#..............


You could see a culicivora, 2 jumping spiders and a redback.

Vanquished Creatures
  Gastronok (Lair:1)
  A catoblepas (Lair:2)
  A hydra (Lair:1)
  2 two-headed ogres
  Urug (D:10)
  A cyclops (D:9)
  2 black mambas (Lair:2)
  Maggie (D:6)
  2 cane toads
  A rime drake (Lair:1)
  3 komodo dragons
  2 hornets
  8 blink frogs (Lair:1)
  A wraith (D:10)
  21 yaks
  3 basilisks (D:10)
  A fire elemental (D:10)
  2 steam dragons
  2 redbacks (Lair:2)
  An acid dragon (D:10)
  4 water moccasins
  3 sky beasts
  2 orc warriors (D:8)
  An ogre (D:5)
  A black bear (Lair:1)
  A necrophage (D:4)
  3 centaurs
  A phantom (D:4)
  5 kobold brigands
  4 bullfrogs
  6 scorpions
  An earth elemental (D:10)
  6 killer bees (D:9)
  8 wights
  3 howler monkeys
  4 electric eels (Lair:1)
  3 centaur zombies
  An orc priest (D:6)
  A centaur skeleton (D:5)
  2 gnoll shamans
  A jelly (D:6)
  6 hounds
  A bullfrog skeleton (D:5)
  Ijyb (D:5)
  6 orc wizards
  2 hound skeletons
  A howler monkey zombie (D:8)
  33 gnolls
  6 adders
  3 white imps (D:6)
  An adder skeleton (D:4)
  4 worms
  3 dart slugs
  36 orcs
  8 bats
  5 endoplasms
  2 giant cockroaches
  5 goblins
  12 hobgoblins
  16 jackals
  5 quokkas
  3 ball pythons
  7 frilled lizards
  15 kobolds
  8 rats
307 creatures vanquished.

Vanquished Creatures (others)
  A water elemental (D:10)
  An air elemental (D:10)
  A basilisk (D:10)
  A quokka (D:8)
  2 fungi
  8 plants
14 creatures vanquished.

Grand Total: 321 creatures vanquished

Notes
Turn   | Place    | Note
-------+----------+-------------------------------------------
     0 | D:1      | ZombieSheep the Minotaur Gladiator began the quest for the
                  | Orb.
     0 | D:1      | Reached XP level 1. HP: 18/18 MP: 0/0
    91 | D:1      | Reached XP level 2. HP: 25/25 MP: 1/1
   160 | D:1      | Reached skill level 1 in Armour
   345 | D:1      | Found a faded altar of an unknown god.
   384 | D:1      | Reached skill level 4 in Polearms
   771 | D:2      | Reached XP level 3. HP: 24/30 MP: 2/2
  1200 | D:2      | Reached XP level 4. HP: 38/38 MP: 3/3
  1787 | D:3      | Reached XP level 5. HP: 42/46 MP: 4/4
  1998 | D:3      | Reached skill level 5 in Polearms
  2121 | D:3      | Reached XP level 6. HP: 47/52 MP: 5/5
  2359 | D:3      | Reached skill level 5 in Dodging
  2636 | D:3      | Reached XP level 7. HP: 59/60 MP: 6/6
  2681 | D:3      | Reached skill level 5 in Fighting
  2994 | D:3      | Found an ancient bone altar of Kikubaaqudgha.
  3069 | D:4      | You fall into a shaft and drop 1 floor!
  3069 | D:5      | Entered Level 5 of the Dungeon
  3069 | D:5      | Noticed Ijyb
  3087 | D:5      | Reached skill level 6 in Polearms
  3093 | D:5      | Killed Ijyb
  3227 | D:5      | Reached skill level 5 in Armour
  3461 | D:5      | Reached XP level 8. HP: 38/70 MP: 7/7
  3838 | D:5      | Found a glowing silver altar of Zin.
  4075 | D:4      | Reached skill level 7 in Polearms
  5186 | D:5      | Found a sacrificial altar of Ru.
  5437 | D:5      | Reached skill level 8 in Polearms
  5437 | D:5      | Reached XP level 9. HP: 29/79 MP: 8/8
  5979 | D:6      | Found a staircase to the Ecumenical Temple.
  5984 | Temple   | Entered the Ecumenical Temple
  6091 | Temple   | Became a worshipper of Qazlal Stormbringer
  6171 | D:6      | Noticed Maggie
  6192 | D:6      | Killed Maggie
  6193 | D:6      | Reached skill level 1 in Invocations
  6803 | D:6      | Found a shimmering altar of Xom.
  7186 | D:7      | Reached skill level 9 in Polearms
  7425 | D:7      | Found a shadowy altar of Dithmenos.
  7522 | D:8      | Found a bloodstained altar of Trog.
  7546 | D:8      | Found a glowing golden altar of the Shining One.
  7612 | D:8      | Reached * piety under Qazlal
  7742 | D:8      | Reached XP level 10. HP: 28/90 MP: 11/11
  8154 | D:8      | Found a white marble altar of Elyvilon.
  8323 | D:8      | Noticed a two-headed ogre
  8569 | D:8      | Identified the +2 robe "Itoifrai" {rC- rN+++ Will- Slay+4}
  8608 | D:8      | Killed a two-headed ogre
  8867 | D:8      | Found an opulent altar of Gozag.
  8881 | D:8      | Reached skill level 10 in Polearms
  9385 | D:9      | Noticed a two-headed ogre
  9390 | D:9      | Killed a two-headed ogre
  9803 | D:9      | Noticed a cyclops
  9824 | D:9      | Killed a cyclops
  9825 | D:9      | Reached skill level 10 in Fighting
  9825 | D:9      | Reached XP level 11. HP: 80/99 MP: 13/13
  9901 | D:9      | Found a hazy altar of Hepliaklqana.
 10156 | D:9      | Found a staircase to the Orcish Mines.
 10174 | D:9      | Reached skill level 5 in Invocations
 10735 | D:10     | Entered Level 10 of the Dungeon
 11217 | D:10     | Noticed Urug
 11239 | D:10     | Killed Urug
 11242 | D:10     | Reached skill level 10 in Armour
 11244 | D:10     | Reached ** piety under Qazlal
 11539 | D:10     | Reached skill level 10 in Dodging
 11727 | D:10     | Found a large runed translucent door.
 11728 | D:10     | Found a large runed translucent door.
 11862 | D:10     | Found a large runed translucent door.
 11863 | D:10     | Found a large runed translucent door.
 12179 | D:10     | Reached skill level 11 in Polearms
 12450 | D:10     | Identified the ring "Cisa" {Fire Fly Int+2 SInv}
 12462 | D:10     | Found a staircase to the Lair.
 13555 | Lair:1   | Entered Level 1 of the Lair of Beasts
 13686 | Lair:1   | Noticed Gastronok
 13706 | Lair:1   | Killed Gastronok
 14279 | Lair:1   | Reached XP level 12. HP: 90/110 MP: 16/16
 14366 | Lair:1   | Noticed a four-headed hydra
 14376 | Lair:1   | Killed a four-headed hydra
 14976 | Lair:2   | Noticed a catoblepas
 14991 | Lair:2   | Killed a catoblepas
 15936 | Lair:2   | Reached skill level 12 in Polearms
 15980 | Lair:2   | HP: 3/111 [poisoned by a redback]
 15980 | Lair:2   | Slain by a redback

Illustrated notes

Levels and vault maps discovered:
D:1:      shiori_arrival_elements, layout_loops_ring,
          shapermc_ecumenical_altar_mp_ritualfount
D:2:      minmay_angry_zag, layout_basic
D:3:      lemuel_castle_with_subvaults [lemuel_castle_interior_carwin_3],
          layout_basic, lemuel_tele_altar, cheibrodos_sewer_entry_bend,
          st_stairs_5, feat_on_display
D:4:      nicolae_cairo_tiling, layout_loops_ring
D:5:      layout_rooms, overflow_temple_1_default,
          nicolae_ru_great_annihilating_truth, uniq_ijyb
D:6:      layout_cave_pools, pf_just_have_faith, minmay_temple_entry_arrows,
          supply_closet_lemuel, uniq_maggie
D:7:      layout_cave_pools, kennysheep_mini, minmay_unpleasant_kobolds
D:8:      layout_gridville, grunt_gozag_statues, mainiacjoe_overflow_catwalk,
          mainiacjoe_overflow_paths, elyvilon_altar_4
D:9:      layout_loops_corners, mainiacjoe_overflow_brackets, orc_david_3
D:10:     layout_cross, jmf_multi_god_temple2, erik_lair_dragon,
          lightli_elemental_guards, uniq_urug
Temple:   eino_temple_lava
Lair:1:   layout_gridlike, cheibrodos_lair_caveside_slide, uniq_gastronok
Lair:2:   nzn_winding_woodlands_medium [nzn_winding_woodlands_hourglass,
          nzn_winding_woodlands_5x15_pool,
          nzn_winding_woodlands_5x5_checkerboard,
          nzn_winding_woodlands_5x5_default,
          nzn_winding_woodlands_center_garden,
          nzn_winding_woodlands_5x5_closed_star,
          nzn_winding_woodlands_5x5_perimeter, nzn_winding_woodlands_5x15_cabin,
          nzn_winding_woodlands_5x5_three], layout_cave_pods,
          nicolae_spider_entry_tight_spaces

Skill      XL: |  1  2  3  4  5  6  7  8  9 10 11 12 |
---------------+-------------------------------------+-----
Armour         | 1 2 3 4 5 6 8 9 11 | 11.4
Polearms       | 4 5 6 8 9 10 11 12 | 12.0
Fighting       | 3 4 5 7 8 10 11 | 11.6
Dodging        | 4 5 6 7 8 9 10 11 | 11.1
Invocations    | 2 4 6 7 |  7.2
Throwing       | |  2.0

Action                   |  1- 3 |  4- 6 |  7- 9 | 10-12 || total
-------------------------+-------+-------+-------+-------++-------
Melee: Trident           |   111 |   142 |   401 |   535 ||  1189
       Headbutt          |    13 |    20 |    57 |   116 ||   206
       Punch             |     1 |     4 |     6 |    11 ||    22
Throw: Throwing net      |       |       |     2 |     1 ||     3
  Use: Scroll            |     3 |     1 |    10 |     8 ||    22
       Potion            |       |       |     3 |     3 ||     6
 Stab: Held in net/web   |       |       |     3 |     1 ||     4
Armor: Leather armour    |     1 |       |       |       ||     1
       Ring mail         |    23 |     2 |       |       ||    25
       Chain mail        |       |    50 |    97 |       ||   147
       Acid dragon scale |       |       |    26 |    87 ||   113
Dodge: Dodged            |    48 |    60 |   199 |   232 ||   539
Block: Other             |       |       |     1 |    27 ||    28
